Map: Efflorescence LE

Players

Cthulhu - Winner!

  • Race: Terran Terran
  • Spawn Location: 9:00

Throwfordays - Winner!

  • Race: Zerg Zerg
  • League: Bronze
  • Spawn Location: 6:00

Kevin

  • Race: Terran Terran
  • Spawn Location: 12:00

RockStar

  • Race: Terran Terran
  • Spawn Location: 3:00

VOD

Have the link to the VOD?

Description

Time

  • Played on: Jan. 27, 2019, 9:08 p.m.
  • Length: 5:19
Show
View Real Time Build Order
Export as new Build Order

Cthulhu Terran - Winner!

Build Orders:  

Get SALT Encoding   

  12  0:01  SCV  
  13  0:13  SCV  
  14  0:20  Supply Depot  
  14  0:25  SCV  
  15  0:43  SCV, Barracks  
  16  0:55  SCV  
  17  1:04  Barracks  
  17  1:07  SCV  
  18  1:14  Barracks  
  18  1:20  SCV  
  19  1:30  Marine, Supply Depot  
  20  1:37  Orbital Command  
  20  1:44  Refinery  
  20  1:50  Marine  
  20  1:51  Marine  
  22  2:07  Marine  
  23  2:11  Marine  
  23  2:15  Marine  
  25  2:27  Command Center  
  25  2:39  Marine x2  
  25  2:41  SCV  
  29  2:44  Barracks Tech Lab  
  29  2:50  Engineering Bay  
  28  2:57  Marine x2  
  30  3:06  Marine  
  31  3:15  Refinery  
  31  3:32  Stimpack  
  29  3:52  Marine  
  29  3:53  Marine x2  
  30  4:10  Marine  
  29  4:18  Marine  
  29  4:19  Marine  
  31  4:28  Marine  
  31  4:30  Orbital Command  
  31  4:45  Command Center  
Show
View Real Time Build Order
Export as new Build Order

Throwfordays Zerg - Winner!

Build Orders: Pool First 

Get SALT Encoding   

  12  0:01  Drone  
  13  0:09  Drone  
  14  0:18  Overlord  
  14  0:36  Extractor  
  14  0:37  Drone x2  
  14  0:39  Drone  
  16  0:49  Spawning Pool  
  15  0:54  Drone  
  16  1:03  Drone  
  17  1:13  Drone  
  18  1:21  Drone  
  19  1:32  Overlord  
  19  1:36  Queen  
  21  1:44  Drone  
  22  2:01  Hatchery  
  21  2:11  Pneumatized Carapace  
  21  2:21  Zergling x6  
  24  2:23  Metabolic Boost  
  24  2:30  Extractor  
  24  2:35  Drone  
  24  2:45  Zergling x8  
  26  3:51  Zergling x2  
  26  3:52  Zergling x10  
  32  3:58  Queen  
  32  4:00  Drone x2  
  32  4:02  Overlord  
Show
View Real Time Build Order
Export as new Build Order

Kevin Terran 

Build Orders:  

Get SALT Encoding   

  12  0:03  SCV  
  13  0:15  SCV  
  14  0:27  SCV  
  15  0:41  Supply Depot  
  15  0:48  Refinery  
  15  0:53  Refinery  
  15  1:02  SCV  
  16  1:07  Barracks  
  16  1:14  SCV  
  17  1:26  SCV  
  18  1:38  SCV  
  19  1:57  Supply Depot  
  19  2:00  Barracks Reactor  
  19  2:17  Factory  
  19  2:21  Orbital Command  
  19  2:23  Supply Depot  
  19  2:38  Marine x2  
  21  2:46  Supply Depot  
  21  2:55  Marine  
  21  2:56  Marine  
  23  3:12  Factory Tech Lab  
  23  3:13  Marine x2  
  25  3:32  Marine x2  
  24  3:50  Marine x2  
  24  3:53  Siege Tank  
  27  4:08  Marine x2  
  26  4:25  Siege Tank  
  26  4:26  Marine x2  
  28  4:44  Marine x2  
Show
View Real Time Build Order
Export as new Build Order

RockStar Terran 

Build Orders:  

Get SALT Encoding   

  12  0:05  SCV  
  13  0:19  SCV  
  14  0:26  Supply Depot  
  14  0:31  SCV  
  15  0:48  SCV  
  16  0:53  Barracks  
  16  1:00  SCV  
  17  1:12  SCV  
  18  1:23  Barracks  
  18  1:24  SCV  
  19  1:36  SCV  
  20  1:45  Supply Depot  
  20  1:49  SCV  
  20  1:50  Refinery  
  21  2:08  Barracks  
  21  2:22  SCV  
  22  2:25  Marine  
  23  2:35  Barracks Tech Lab  
  23  2:42  Refinery  
  23  2:43  Marine  
  24  3:00  Marine  
  24  3:04  Barracks Reactor  
  25  3:07  Reaper  
  26  3:14  SCV  
  26  3:18  Marine  
  23  3:44  Marine  
  12  4:02  Marine  
  1  4:17  SCV  
  1  4:25  Marine  
  1  4:29  SCV  
  3  4:34  Marine  
  3  4:39  Marine  
  3  4:41  SCV  
  3  4:43  Marine  
  6  4:52  Marine  
  6  4:53  SCV  
  6  4:57  Marine  
  9  5:06  SCV  
Tags
 
Add a new tag
Caveats
  • Supply blocks, unpowered buildings, or Contaminate may cause inaccurate times.
  • Supply counts are checked every 10 seconds.